Map: Dusk Towers

Players

Miszu - Winner!

  • Race: Terran Terran
  • League: Master

KatouMeigumi

  • Race: Terran Terran
  • League: Master

VOD

Have the link to the VOD?

Description

Time

  • Played on: May 3, 2016, 11:18 a.m.
  • Length: 11:17
Show
View Real Time Build Order
Export as new Build Order

Miszu Terran - Winner!

Build Orders: 1/1/1, Banshee Rush 

Get SALT Encoding   

  12  0:00  SCV  
  13  0:12  SCV  
  14  0:17  Supply Depot  
  14  0:24  SCV  
  14  0:27  Refinery  
  15  0:38  Refinery  
  15  0:39  SCV  
  16  0:47  Barracks  
  16  0:51  SCV  
  17  0:57  Refinery  
  17  1:03  SCV  
  18  1:15  SCV  
  19  1:30  SCV  
  20  1:35  Factory, Reaper  
  21  1:43  Orbital Command  
  21  1:58  Supply Depot  
  21  2:07  Reaper  
  22  2:10  SCV  
  23  2:20  Hellion  
  23  2:21  Starport  
  25  2:25  SCV  
  26  2:37  SCV  
  26  2:39  Reaper  
  26  2:40  Supply Depot  
  26  2:42  Hellion  
  30  3:01  Medivac  
  30  3:04  Hellion  
  30  3:05  SCV  
  36  3:14  Barracks Tech Lab  
  35  3:20  Command Center  
  35  3:28  SCV  
  35  3:30  Supply Depot  
  36  3:38  Factory Tech Lab  
  36  3:41  SCV  
  36  3:42  Barracks Reactor  
  36  3:43  Cloaking Field  
  37  3:51  Banshee  
  40  3:56  Supply Depot  
  40  3:57  SCV  
  41  4:16  SCV  
  40  4:18  Siege Tank  
  41  4:34  SCV x2  
  41  4:43  Banshee  
  40  4:46  SCV  
  40  4:47  Command Center  
  40  4:57  Orbital Command  
  40  4:59  SCV  
  41  5:11  SCV  
  42  5:19  Engineering Bay  
  42  5:23  SCV  
  42  5:26  Viking, SCV  
  46  5:29  Cyclone  
  46  5:35  Supply Depot, SCV  
  50  5:38  SCV  
  51  5:46  Supply Depot  
  51  5:47  SCV  
  51  5:49  Missile Turret x2  
  49  5:50  SCV  
  49  5:53  Barracks  
  49  5:55  Barracks  
  50  5:59  SCV  
  50  6:02  SCV  
  52  6:08  Orbital Command  
  52  6:11  SCV  
  52  6:14  SCV  
  52  6:16  Marine x2  
  56  6:23  SCV  
  57  6:29  Starport Reactor  
  57  6:30  SCV  
  58  6:34  Marine  
  58  6:35  SCV x2  
  58  6:41  Barracks Tech Lab  
  58  6:42  SCV  
  59  6:47  Marine, Refinery x2, SCV  
  59  6:48  SCV  
  59  6:49  Terran Infantry Weapons Level 1  
  59  6:53  Engineering Bay, Marine  
  63  6:55  Barracks, SCV  
  63  6:57  Barracks  
  64  7:02  Stimpack, Combat Shields  
  64  7:04  Marine x2, Orbital Command  
  64  7:05  Marine  
  64  7:06  Medivac, Siege Tank  
  72  7:11  Marine, Medivac  
  75  7:19  Supply Depot x2  
  75  7:21  SCV  
  75  7:22  Marine x3, SCV  
  79  7:29  Marine  
  81  7:34  SCV  
  81  7:35  SCV  
  81  7:36  Medivac, SCV  
  86  7:38  Siege Tank  
  86  7:39  Marine  
  86  7:40  Marine x2  
  86  7:41  Terran Infantry Armor Level 1  
  86  7:43  Barracks Reactor  
  92  7:46  SCV  
  92  7:48  SCV  
  92  7:49  SCV  
  92  7:50  Barracks Reactor  
  95  7:54  Refinery  
  95  7:55  Refinery  
  95  7:58  SCV  
  96  8:00  SCV  
  96  8:03  Marine x3  
  96  8:04  Medivac  
  96  8:05  SCV  
  103  8:08  Factory  
  103  8:11  Supply Depot  
  103  8:12  Supply Depot  
  103  8:13  Supply Depot  
  103  8:16  Marine  
  103  8:17  Siege Tank  
  107  8:21  Marine  
  107  8:26  Barracks  
  108  8:28  Barracks  
  108  8:29  Marine x2, Barracks, Armory  
  110  8:39  Medivac x2  
  114  8:41  Marine x3  
  114  8:44  Supply Depot  
  114  8:45  Supply Depot  
  114  8:46  Marine  
  114  8:47  Supply Depot, Marine x2  
  114  8:48  Marine  
  120  8:55  Marine  
  122  8:57  Siege Tank  
  122  8:59  Marine x2  
  122  9:01  Factory Tech Lab  
  127  9:05  Marine  
  127  9:06  Marine x4  
  131  9:13  Marine  
  122  9:17  Marine  
  123  9:25  Marine  
  113  9:31  Marine  
  113  9:32  Marine x5, Siege Tank  
  113  9:34  Medivac x2, Siege Tank  
  113  9:35  Marine  
  125  9:43  Marine  
  125  9:45  Barracks Reactor x3  
  126  9:49  Marine  
  127  9:54  Marine  
  127  9:55  Marine x5  
  133  10:01  Supply Depot x2  
  133  10:05  Siege Tank  
  133  10:06  Siege Tank  
  121  10:30  Marine x13  
  121  10:31  Marine, Medivac x2  
  139  10:37  Siege Tank  
  142  10:47  Marine  
  142  10:48  Marine x5  
  142  10:49  Marine  
  142  10:50  Marine x7  
Show
View Real Time Build Order
Export as new Build Order

KatouMeigumi Terran 

Build Orders: Reaper Expand 

Get SALT Encoding   

  12  0:00  SCV  
  13  0:12  SCV  
  14  0:17  Supply Depot  
  14  0:25  SCV  
  15  0:39  SCV  
  15  0:40  Barracks  
  16  0:43  Refinery  
  16  0:51  SCV  
  17  1:03  SCV  
  18  1:15  SCV  
  19  1:28  Orbital Command  
  19  1:29  Reaper  
  20  1:42  Command Center  
  20  1:57  SCV  
  21  2:02  Marine  
  21  2:08  Supply Depot  
  22  2:09  Factory  
  22  2:12  SCV  
  23  2:17  Refinery  
  23  2:20  Marine  
  23  2:29  SCV  
  24  2:40  Marine  
  24  2:41  SCV  
  26  2:54  SCV, Widow Mine  
  26  2:55  Starport  
  26  2:57  Orbital Command  
  29  2:58  Marine  
  30  3:06  SCV  
  31  3:16  Marine  
  31  3:18  SCV  
  31  3:19  Engineering Bay  
  33  3:25  Factory Tech Lab  
  33  3:29  SCV  
  33  3:31  SCV  
  35  3:34  Marine  
  35  3:36  Viking  
  38  3:41  SCV  
  38  3:43  Supply Depot  
  38  3:45  Cyclone  
  42  3:48  Missile Turret  
  42  3:56  SCV  
  42  3:57  SCV  
  42  4:01  Missile Turret  
  44  4:08  SCV  
  44  4:13  SCV  
  39  4:20  SCV  
  36  4:25  Siege Tank, SCV  
  38  4:33  SCV  
  38  4:37  SCV  
  35  4:45  SCV  
  35  4:49  SCV  
  36  4:57  SCV  
  36  4:58  Command Center  
  37  5:02  SCV  
  38  5:07  Cloaking Field, Banshee  
  38  5:09  SCV  
  38  5:12  Factory Tech Lab  
  42  5:16  SCV  
  40  5:26  SCV  
  40  5:34  SCV  
  41  5:40  SCV  
  40  5:50  Raven  
  40  5:53  SCV  
  43  5:57  Supply Depot, SCV  
  43  6:02  Refinery  
  43  6:03  Refinery  
  44  6:05  SCV  
  44  6:09  Barracks, SCV  
  44  6:11  Barracks, Orbital Command  
  46  6:18  SCV  
  44  6:23  SCV  
  41  6:34  SCV  
  40  6:41  SCV  
  38  6:50  SCV x2  
  40  6:56  Starport Reactor  
  40  6:57  SCV  
  41  7:02  Marine  
  41  7:03  Siege Tank, Stimpack  
  41  7:05  SCV x2  
  47  7:11  Terran Infantry Weapons Level 1  
  47  7:12  SCV  
  48  7:17  SCV  
  48  7:19  Barracks Reactor  
  48  7:20  Barracks Reactor  
  49  7:23  Barracks x2  
  49  7:25  SCV x2  
  49  7:28  Marine  
  53  7:30  SCV  
  53  7:35  Siege Tank  
  56  7:37  SCV  
  56  7:40  Starport Reactor  
  56  7:41  SCV  
  56  7:42  SCV  
  59  7:45  Supply Depot  
  59  7:47  Marine  
  59  7:49  SCV  
  61  7:56  Marine x2, SCV  
  61  7:57  Marine x2  
  61  7:58  Orbital Command  
  66  8:04  SCV  
  67  8:08  Siege Tank  
  67  8:11  Barracks Reactor  
  70  8:14  Barracks  
  70  8:15  SCV  
  70  8:16  Refinery  
  70  8:17  Barracks, SCV  
  72  8:23  Medivac  
  72  8:24  Marine x5, Medivac  
  72  8:25  Marine  
  82  8:28  Factory  
  82  8:30  SCV x3  
  85  8:41  Supply Depot x2  
  85  8:58  Engineering Bay  
  85  9:01  Armory  
  85  9:02  Marine x9, Siege Tank, SCV x3  
  93  9:09  Terran Infantry Armor Level 1  
  100  9:11  Marine  
  100  9:15  Marine  
  100  9:16  SCV  
  96  9:20  SCV  
  84  9:25  Marine x2, SCV  
  84  9:26  Marine x3  
  84  9:28  SCV  
  83  9:37  Marine x3  
  85  9:38  Barracks Reactor x2  
  85  9:39  Siege Tank  
  85  9:42  SCV  
  85  9:44  Factory Tech Lab  
  89  9:51  SCV  
  89  9:52  SCV  
  91  9:54  Marine x4  
  91  9:55  Refinery  
  91  9:58  SCV  
  96  10:02  Supply Depot  
  96  10:04  Marine x3  
  96  10:06  Medivac  
  101  10:13  Supply Depot  
  101  10:18  Marine  
  101  10:19  Marine x4  
  101  10:20  Marine x3, Siege Tank  
  101  10:21  Medivac, Siege Tank  
  99  10:22  Marine x2  
  99  10:23  Marine x2  
  87  10:30  Marine  
  80  10:36  Marine x2  
  80  10:37  Marine x4  
  80  10:41  SCV x2  
  74  10:51  Marine x5  
  74  10:53  SCV  
Tags
 
Add a new tag
Caveats
  • Supply blocks, unpowered buildings, or Contaminate may cause inaccurate times.
  • Supply counts are checked every 10 seconds.